 Dungeon Crawl Stone Soup version 0.29-a0-1009-g60c99734e7 (webtiles) character file.

Game seed: 7596162919793984656

67607 Gargoyl the Severer (level 15, -2/97 HPs)
             Began as a Gargoyle Berserker on Aug 8, 2022.
             Was an Elder of Trog.
             Killed from afar by a starcursed mass (7 damage)
             ... with an accursed screaming
             ... on level 1 of the Abyss.
             The game lasted 00:29:18 (20946 turns).

Gargoyl the Severer (Gargoyle Berserker)           Turns: 20946, Time: 00:29:19

Health: -2/97      AC: 35    Str: 30    XL:     15   Next: 23%
Magic:  15/15      EV: 12    Int:  6    God:    Trog [****..]
Gold:   1337       SH:  5    Dex: 26    Spells: 14/14 levels left

rFire   . . .      SeeInvis .   S - +7 lajatang of Order {silver, rMut}
rCold   . . .      Faith    .   (shield currently unavailable)
rNeg    + + +      Spirit   .   O - +0 plate armour
rPois   ∞          Reflect  +   t - +1 helmet
rElec   +          Harm     .   s - +2 cloak
rCorr   +          Rampage  .   L - +1 pair of gloves "Konaeppa" {rCorr Dex+7 Stlth-}
rMut    +                       (no boots)
Will    +++..                   o - amulet of reflection
Stlth   ..........              M - ring "Mallawics" {Fly rPois rN++ Str+6}
HPRegen 1.26/turn               D - +6 ring of dexterity
MPRegen 0.14/turn

@: strong-willed (expiring), flying, regenerating (expiring)
A: sickness immunity, AC +11, big wings, negative energy resistance 1,
electricity resistance, torment resistance 1, petrification resistance, dopey 1
a: Renounce Religion, Berserk, Trog's Hand, Brothers in Arms


You were on level 1 of the Abyss.
You worshipped Trog.
Trog was greatly pleased with you.
You visited 2 branches of the dungeon, and saw 18 of its levels.
You visited the Abyss 1 time.

You collected 1337 gold pieces.

Inventory:

Hand Weapons
 a - a +0 hand axe
 g - a +1 short sword of draining
 j - a +1 vorpal flail
 n - a +1 war axe of protection
 z - a +4 battleaxe of freezing
 F - a +1 trident of protection
 S - the +7 lajatang of Order (weapon) {silver, rMut}
   (You found it on level 5 of the Lair of Beasts)

   It inflicts extra damage upon those it strikes, and deals substantially
   increased damage to chaotic, mutated and magically transformed beings.
   rMut:      It protects you from mutation.
 T - the +7 Throatcutter {drain, coup de grace}
   (You found it on level 8 of the Dungeon)

   A truly terrible weapon, it drains the life of any living foe it strikes.
   It may instantly kill foes which have little health.
 V - a +3 scimitar of flaming
Missiles
 m - 23 poisoned darts (quivered)
 w - 2 throwing nets
Armour
 s - a +2 cloak (worn)
 t - a +1 helmet (worn)
 L - the +1 pair of gloves "Konaeppa" (worn) {rCorr Dex+7 Stlth-}
   (You acquired it on level 9 of the Dungeon)

   Dex:       It affects your dexterity (+7).
   rCorr:     It protects you from acid and corrosion.
   Stlth:     It makes you less stealthy.
 O - a +0 plate armour (worn)
Jewellery
 o - an amulet of reflection (around neck)
 p - a ring of fire
 x - a ring of resist corrosion
 D - a +6 ring of dexterity (right hand)
 G - an amulet of regeneration
 M - the ring "Mallawics" (left hand) {Fly rPois rN++ Str+6}
   (You took it off a vampire on level 9 of the Dungeon)

   [ring of strength]

   Str:       It affects your strength (+6).
   rPois:     It protects you from poison.
   rN:        It greatly protects you from negative energy.
   Fly:       It grants you flight.
 Q - a ring of fire
Wands
 c - a wand of digging (3)
 u - a wand of charming (39)
 y - a wand of flame (50)
 C - a wand of roots (20)
 P - a wand of polymorph (6)
 R - a wand of acid (10)
Scrolls
 f - 3 scrolls of silence
 k - 4 scrolls of magic mapping
 l - 2 scrolls of fear
 q - 4 scrolls of fog
 H - 10 scrolls of teleportation
 J - a scroll of summoning
 K - 6 scrolls of identify
 U - a scroll of blinking
Potions
 b - 5 potions of might
 d - 15 potions of curing
 h - 4 potions of lignification
 r - 2 potions of cancellation
 v - 3 potions of brilliance
 A - a potion of berserk rage
 B - 2 potions of haste
 E - 2 potions of invisibility
 I - a potion of magic


   Skills:
 + Level 12.8 Fighting
 + Level 6.1 Short Blades
 + Level 16.1 Axes
 + Level 4.6 Staves
 + Level 1.0 Throwing
 + Level 11.7 Armour
 + Level 5.1 Dodging
 + Level 4.3 Stealth
 + Level 8.6 Shields
 + Level 0.4 Evocations


You had 14 spell levels left.
You didn't know any spells.
Your spell library was empty.

Dungeon Overview and Level Annotations

Branches:
Dungeon (13/15)            Temple (0/1) D:6            Lair (5/5) D:10
  Swamp (0/4) Lair:2        Snake (0/4) Lair:3        Slime (0/5) Lair:5
    Orc (0/2) D:10
 Vaults: D:13-14

Altars:
Elyvilon
Gozag
Hepliaklqana
Kikubaaqudgha
Makhleb
Qazlal
Sif Muna
Trog
Uskayaw
Wu Jian
Jiyva

Annotations:
D:8 2 transporters
D:12 Sonja


Innate Abilities, Weirdness & Mutations

You are immune to sickness and miasma.
Your stone body is resilient. (AC +11)
You are immune to poison.
Your large and strong wings let you fly.
You resist negative energy. (rN+)
You are resistant to electric shocks. (rElec)
You are resistant to unholy torment.
You are immune to petrification.
You are dopey. (Int -2)


Message History

* * * LOW HITPOINT WARNING * * *
The starcursed mass closely misses you.
You slash the starcursed mass!
You destroy the starcursed mass!
Trog accepts your kill.
The starcursed mass touches you but does no damage.
The starcursed mass barely misses you.
The starcursed mass touches you but does no damage.
The starcursed mass completely misses you.
You slice the starcursed mass!!
You destroy the starcursed mass!
Trog accepts your kill. A chorus of shrieks assaults your mind.
* * * LOW HITPOINT WARNING * * *
The starcursed mass closely misses you. x2
The starcursed mass touches you but does no damage.
You are confused.
You feel invigorated. The starcursed mass barely misses you.
The starcursed mass closely misses you. The starcursed mass touches you.
* * * LOW HITPOINT WARNING * * *
Unknown command.
You're too confused to move!
The starcursed mass touches you.
* * * LOW HITPOINT WARNING * * *
The starcursed mass touches you but does no damage.
Unknown command.
You bump into the stone wall.
You feel less invigorated.
You feel less confused. The starcursed mass closely misses you.
The starcursed mass touches you but does no damage.
A chorus of shrieks assaults your mind.
* * * LOW HITPOINT WARNING * * *
Unknown command.
You slice the starcursed mass!!
You destroy the starcursed mass!
Trog accepts your kill.
You feel the effects of Trog's Hand fading.
The starcursed mass touches you!
* * * LOW HITPOINT WARNING * * *
A chorus of shrieks assaults your mind.
You die...

##...# . ..#
##.....#.. .##
.....#.. # ..#.#
#.#...#####
....#....#...#.
...
......#...#..
...#.##X.X....#.
. .......@#
.........#
.#####..# # #..#
#..# ####


You could see 2 starcursed masses.

Vanquished Creatures
  A dire elephant (Lair:5)
  2 boulder beetles
  9 hydras
  4 centaur warriors
  The ghost of Bozaikec the Covert, a journeyman VSEn of Vehumet (Lair:2)
  6 two-headed ogres
  5 death yaks (Lair:5)
  Urug (D:12)
  A deep troll shaman (Lair:5)
  Amaemon (Lair:2)
  The ghost of paps the Covert, a novice OpGl (D:6)
  Lodul (D:12)
  A lindwurm (Lair:2)
  2 oklob plants (D:10)
  An ugly thing (D:8)
  3 cyclopes
  9 elephants
  A manticore (D:12)
  5 starcursed masses (Abyss:1)
  Maurice (D:11)
  5 black mambas
  A gargoyle (D:12)
  An orange demon (Lair:2)
  10 cane toads
  2 unseen horrors
  5 rime drakes
  An efreet (D:12)
  5 komodo dragons
  2 polar bears
  A troll (D:11)
  Prince Ribbit (D:6)
  10 dream sheep
  11 blink frogs
  The ghost of Malachi the Cutter, an amateur OpBr (D:5)
  2 slime creatures (D:9)
  3 shadows
  2 vampires
  A ynoxinul (Abyss:1)
  3 wraiths
  5 wyverns
  Eustachio (D:5)
  An unseen horror simulacrum (D:9)
  67 yaks
  2 steam dragons (D:9)
  5 basilisks
  Edmund (D:4)
  Menkaure (D:6)
  8 vampire mosquitoes
  A warg (D:10)
  An acid dragon (D:11)
  An acid dragon (shapeshifter) (D:9)
  5 water moccasins
  2 nagas (Lair:3)
  Duvessa (D:7)
  7 orc warriors
  3 sky beasts
  5 black bears
  11 ogres
  21 wolves
  6 centaurs
  2 phantoms
  3 kobold brigands
  Blork the orc (D:4)
  11 bullfrogs
  2 gnoll sergeants
  A scorpion (D:7)
  A water moccasin zombie (D:4)
  A water moccasin skeleton (D:4)
  6 wights
  Dowan (D:7)
  11 killer bees
  2 electric eels (Lair:1)
  3 howler monkeys (D:10)
  A centaur zombie (D:4)
  4 quasits (D:6)
  4 hounds
  A jelly (D:3)
  A bullfrog skeleton (D:4)
  4 orc priests
  A gnoll bouda (D:6)
  8 iguanas
  6 orc wizards
  A hound zombie (D:4)
  Robin (D:4)
  A mummy (D:6)
  7 adders
  3 gnolls (D:6)
  2 shadow imps (D:7)
  3 ufetubi
  2 adder zombies (D:4)
  2 adder skeletons (D:4)
  2 worms
  2 dart slugs
  23 orcs
  14 endoplasms
  9 giant cockroaches
  15 goblins
  7 hobgoblins
  6 quokkas
  8 ball pythons
  8 bats
  9 frilled lizards
  28 kobolds
  2 kobold zombies (D:6)
  2 orc zombies (D:6)
  7 rats
517 creatures vanquished.

Vanquished Creatures (collateral kills)
  A minotaur (Lair:2)
  A catoblepas (Lair:5)
  A hydra (Lair:1)
  A deep elf pyromancer (D:12)
  Joseph (Lair:1)
  A cane toad (Lair:1)
  7 blink frogs (Lair:3)
  3 yaks (Lair:1)
  A black bear (Lair:3)
17 creatures vanquished.

Vanquished Creatures (others)
  A giant cockroach (D:2)
  16 fungi
  33 plants
  2 withered plants (D:4)
52 creatures vanquished.

Grand Total: 586 creatures vanquished

Notes
Turn   | Place    | Note
-------+----------+-------------------------------------------
     0 | D:1      | Gargoyl the Gargoyle Berserker began the quest for the Orb.
     0 | D:1      | Reached XP level 1. HP: 14/14 MP: 1/1
   190 | D:1      | Reached skill level 3 in Axes
   190 | D:1      | Reached XP level 2. HP: 13/19 MP: 2/2
   900 | D:1      | Reached ** piety under Trog
  1146 | D:1      | Reached XP level 3. HP: 23/23 MP: 3/3
  2054 | D:2      | Found a faded altar of an unknown god.
  2137 | D:2      | Reached skill level 1 in Stealth
  2188 | D:2      | Reached XP level 4. HP: 29/29 MP: 4/4
  2571 | D:3      | Reached skill level 1 in Short Blades
  2870 | D:3      | Found a large runed translucent door.
  2870 | D:3      | Found a large runed translucent door.
  2885 | D:3      | Found a shimmering blue altar of Sif Muna.
  2898 | D:3      | Found a hazy altar of Hepliaklqana.
  3695 | D:3      | Reached XP level 5. HP: 29/33 MP: 5/5
  3909 | D:3      | Reached *** piety under Trog
  4383 | D:4      | Noticed Edmund
  4403 | D:4      | Killed Edmund
  4404 | D:4      | Reached skill level 1 in Shields
  4404 | D:4      | Reached XP level 6. HP: 38/38 MP: 6/6
  4466 | D:4      | Reached XP level 7. HP: 17/43 MP: 7/7
  4469 | D:4      | Noticed Robin
  4686 | D:4      | Killed Robin
  4828 | D:4      | Noticed Blork the orc
  4846 | D:4      | Killed Blork the orc
  4847 | D:4      | Reached skill level 4 in Axes
  5076 | D:5      | Entered Level 5 of the Dungeon
  5269 | D:5      | Reached XP level 8. HP: 33/48 MP: 8/8
  5302 | D:5      | Noticed Eustachio
  5362 | D:5      | Killed Eustachio
  5508 | D:5      | Reached skill level 5 in Fighting
  5650 | D:5      | Found a runed translucent door.
  5651 | D:5      | Noticed Malachi's ghost (amateur OpBr)
  6054 | D:5      | Killed Malachi's ghost
  6055 | D:5      | Reached skill level 5 in Armour
  6055 | D:5      | Reached skill level 5 in Shields
  6093 | D:6      | Noticed Menkaure
  6101 | D:6      | Killed Menkaure
  6104 | D:6      | Found a staircase to the Ecumenical Temple.
  6175 | D:6      | Reached XP level 9. HP: 54/54 MP: 9/9
  6248 | D:6      | Found a bloodstained altar of Trog.
  6363 | D:6      | Found a transporter.
  6370 | D:6      | Noticed paps's ghost (novice OpGl)
  6392 | D:6      | Found a transporter.
  6449 | D:6      | Noticed Prince Ribbit
  6471 | D:6      | Killed Prince Ribbit
  6472 | D:6      | Reached skill level 5 in Axes
  6937 | D:6      | Reached **** piety under Trog
  6958 | D:6      | Killed paps's ghost
  6959 | D:6      | Reached skill level 6 in Axes
  7299 | D:7      | Reached skill level 7 in Axes
  7307 | D:7      | Reached XP level 10. HP: 44/60 MP: 10/10
  7399 | D:7      | Noticed Duvessa
  7399 | D:7      | Noticed Dowan
  7409 | D:7      | Killed Duvessa
  7414 | D:7      | Killed Dowan
  7693 | D:7      | Reached skill level 8 in Axes
  8149 | D:8      | Found an opulent altar of Gozag.
  8205 | D:8      | Found the amulet of Elemental Vulnerability {rPois rF--
                  | rC-- AC+8}
  8297 | D:8      | Found the +7 Throatcutter {drain, coup de grace}
  8525 | D:8      | Found a white marble altar of Elyvilon.
  8633 | D:8      | Found a transporter.
  8747 | D:8      | Found a transporter.
  8812 | D:8      | Found a stormy altar of Qazlal.
  8968 | D:9      | Identified a scroll of acquirement
  8968 | D:9      | Acquired the +1 pair of gloves "Konaeppa" {rCorr Dex+7
                  | Stlth-}
  9066 | D:9      | Reached skill level 9 in Axes
  9253 | D:9      | Noticed a two-headed ogre
  9256 | D:9      | Noticed a two-headed ogre
  9260 | D:9      | Killed a two-headed ogre
  9262 | D:9      | Identified the ring "Mallawics" {Fly rPois rN++ Str+6}
  9264 | D:9      | Killed a two-headed ogre
  9265 | D:9      | Reached XP level 11. HP: 67/67 MP: 11/11
  9265 | D:9      | Noticed a cyclops
  9267 | D:9      | Reached skill level 10 in Axes
  9276 | D:9      | Killed a cyclops
  9283 | D:9      | Noticed a brown ugly thing
  9285 | D:9      | Identified the ring of the Trout {MP+9 Str+4}
  9285 | D:9      | Noticed a centaur warrior
  9309 | D:8      | Killed a brown ugly thing
  9515 | D:9      | Killed a centaur warrior
  9647 | D:9      | Identified the ring of the Foremost Wars {Ice rN+ Str+2}
  9647 | D:9      | Noticed a centaur warrior
  9652 | D:9      | Killed a centaur warrior
  9734 | D:9      | Identified the ring "Oluk" {Fly Str+6}
  9795 | D:9      | Noticed a two-headed ogre
  9802 | D:9      | Killed a two-headed ogre
  9803 | D:9      | Reached skill level 11 in Axes
 10650 | D:10     | Entered Level 10 of the Dungeon
 10652 | D:10     | Gained mutation: Your large and strong wings let you fly.
                  | [potion of mutation]
 10666 | D:10     | Reached XP level 12. HP: 71/75 MP: 12/12
 10782 | D:10     | Found a staircase to the Orcish Mines.
 10815 | D:10     | Reached ***** piety under Trog
 11041 | D:10     | Found a staircase to the Lair.
 11070 | D:10     | Reached skill level 12 in Axes
 11278 | D:10     | Found an ancient bone altar of Kikubaaqudgha.
 11420 | D:10     | Found a burning altar of Makhleb.
 11874 | Lair:1   | Entered Level 1 of the Lair of Beasts
 11931 | Lair:1   | Noticed a seven-headed hydra
 11938 | Lair:1   | Killed a seven-headed hydra
 12320 | Lair:1   | Noticed an eight-headed hydra
 12322 | Lair:1   | Noticed a four-headed hydra
 12341 | Lair:1   | Killed an eight-headed hydra
 12350 | Lair:1   | Killed a four-headed hydra
 12352 | Lair:1   | Noticed Joseph
 12359 | Lair:1   | Killed Joseph
 12360 | Lair:1   | Reached skill level 13 in Axes
 12366 | Lair:1   | Reached skill level 1 in Throwing
 12450 | Lair:1   | Noticed a boulder beetle
 12464 | Lair:1   | Found an ornate altar of the Wu Jian Council.
 12464 | Lair:1   | Found a hide-covered altar of Uskayaw.
 12473 | Lair:1   | Killed a boulder beetle
 12474 | Lair:1   | Reached skill level 10 in Fighting
 12688 | Lair:1   | Found the +2 ratskin cloak {*Rats rPois rN+ Str-1 Int-1
                  | Dex+1}
 12802 | Lair:1   | Reached skill level 5 in Short Blades
 12966 | Lair:2   | Noticed a five-headed hydra
 12990 | Lair:2   | Killed a five-headed hydra
 12991 | Lair:2   | Reached XP level 13. HP: 54/82 MP: 13/13
 13281 | Lair:2   | Noticed Bozaikec's ghost (journeyman VSEn)
 13478 | Lair:2   | Found a runed translucent gate.
 13478 | Lair:2   | Found a runed translucent gate.
 13478 | Lair:2   | Found a runed translucent gate.
 13478 | Lair:2   | Noticed Amaemon
 13480 | Lair:2   | Noticed a minotaur
 13487 | Lair:2   | Killed Amaemon
 13631 | Lair:2   | Found a staircase to the Swamp.
 14074 | Lair:2   | Killed a minotaur
 14075 | Lair:2   | Reached skill level 10 in Armour
 14080 | Lair:2   | Killed Bozaikec's ghost
 14297 | Lair:3   | Reached skill level 14 in Axes
 14976 | Lair:3   | Found a staircase to the Snake Pit.
 15585 | Lair:4   | Mutation became permanent: Your large and strong wings let
                  | you fly. [Gargoyle growth]
 15585 | Lair:4   | Gained mutation: Your large and strong wings let you fly.
                  | [Gargoyle growth]
 15585 | Lair:4   | Reached XP level 14. HP: 90/90 MP: 14/14
 15704 | Lair:4   | Reached skill level 5 in Dodging
 15955 | Lair:4   | Reached skill level 15 in Axes
 16698 | Lair:5   | Entered Level 5 of the Lair of Beasts
 16996 | Lair:5   | Gained mutation: You have a pair of small horns on your
                  | head. [potion of mutation]
 17073 | Lair:5   | Received a gift from Trog
 17131 | Lair:5   | Noticed a dire elephant
 17165 | Lair:5   | Killed a dire elephant
 17313 | Lair:5   | Found a viscous altar of Jiyva.
 17313 | Lair:5   | Found a staircase to the Slime Pits.
 18203 | Lair:5   | Found the +7 lajatang of Order {silver, rMut}
 18888 | D:11     | Reached skill level 16 in Axes
 18965 | D:11     | Noticed Maurice
 18976 | D:11     | Killed Maurice
 19109 | D:11     | Reached skill level 1 in Staves
 19372 | D:12     | Noticed Lodul
 19385 | D:12     | Reached XP level 15. HP: 88/97 MP: 15/15
 19395 | D:12     | Killed Lodul
 20138 | D:12     | Noticed Urug
 20148 | D:12     | Killed Urug
 20505 | D:12     | Lost mutation: You have a pair of small horns on your head.
                  | [potion of mutation]
 20505 | D:12     | Gained mutation: You are dopey. (Int -2) [potion of
                  | mutation]
 20615 | D:13     | Noticed Sonja
 20864 | Abyss:1  | Cast into level 1 of the Abyss (Sonja)
 20946 | Abyss:1  | Killed from afar by a starcursed mass

Illustrated notes

Levels and vault maps discovered:
D:1:      noname_arrival_rooms_in_the_neighbourhood, layout_loops_corners,
          minmay_lizard_pond
D:2:      layout_basic, ebering_ecumenical_altar_hall, chequers_jeans,
          lemuel_old_faithful
D:3:      layout_basic, jmf_multi_god_temple2, serial_glass, glass_columns_c,
          glass_columns_a, minmay_strange_pillars, item_on_display_a
D:4:      layout_cave_pools, serial_undead, serial_undead_f, serial_undead_f,
          serial_undead_e, serial_undead_b, serial_undead_e, serial_undead_d,
          uniq_edmund, uniq_robin, uniq_blork_the_orc
D:5:      layout_loops_ring, hellmonk_ghost_happy_afterlife,
          uniq_crazy_yiuf_cottage, uniq_eustachio
D:6:      layout_loops_ring, mainiacjoe_overflow_concentric_impassable,
          minmay_temple_entry_waves, gammafunk_ghost_stat_death,
          minmay_mini_ossuary, uniq_menkaure, uniq_prince_ribbit1
D:7:      layout_basic, minmay_increasing_density, uniq_duvessa
D:8:      layout_basic, lemuel_doored_altar, kennysheep_little_box,
          overflow_temple_1_default, gammafunk_ghost_abyssal_escape,
          sword_in_stone
D:9:      minmay_the_grid_triangle_9x9_recursive_2_mashed
          [minmay_the_grid_triangle_9x9_prize_special,
          minmay_the_grid_triangle_9x9_cache,
          minmay_the_grid_triangle_9x9_shrine,
          minmay_the_grid_triangle_9x9_negative_grid], layout_loops_ring,
          kennysheep_generic_room_15
D:10:     layout_layer_cave, bloody_makhleb, kiku_gazebo_garden_becter,
          dpeg_oklobed_lair, david_orc_3
D:11:     layout_rooms, grunt_ministairs_14, uniq_maurice
D:12:     layout_irregular_city, uniq_urug, uniq_lodul
D:13:     layout_rooms, hangedman_vaults_entry_quadrant_bands, uniq_sonja,
          uniq_kirke
Lair:1:   layout_chaotic_city, chequers_serial_rivers_small_a,
          nzn_masters_of_martial_movement, serial_bayou_shore_a, uniq_joseph
Lair:2:   layout_regular_city, swamp_mist, maelrawn_ghost_gauntlet_escape,
          uniq_amaemon
Lair:3:   layout_regular_city, guppyfry_snake_entry_island,
          beast_lair_carwin_10, grunt_megastairs_3, infiniplex_staircase_pool_2,
          lemuel_fruit_tree
Lair:4:   layout_roguey, grunt_megastairs_4
Lair:5:   grunt_lair_end_beastmaster, layout_cave_pods, slime_entry_1
Abyss:1:  base:
D:7

Skill      XL: |  1  2  3  4  5  6  7  8  9 10 11 12 13 14 15 |
---------------+----------------------------------------------+-----
Axes           | 3 4 7 9 11 13 14 16 | 16.1
Dodging        | 2 3 4 5 |  5.1
Stealth        | 1 2 3 4 |  4.3
Short Blades   | 1 2 4 5 6 |  6.1
Fighting       | 4 5 6 7 8 10 11 12 | 12.8
Armour         | 3 4 5 6 8 9 10 11 | 11.7
Shields        | 1 2 3 5 6 7 8 |  8.6
Throwing       | 1 |  1.0
Staves         | 1 4 |  4.6
Evocations     | |  0.4

Action                   |  1- 3 |  4- 6 |  7- 9 | 10-12 | 13-15 || total
-------------------------+-------+-------+-------+-------+-------++-------
Melee: Hand axe          |    23 |       |       |       |       ||    23
       Punch             |     3 |     2 |     2 |     1 |     2 ||    10
       Short sword       |   107 |   221 |   201 |    42 |    84 ||   655
       War axe           |       |     9 |   171 |    37 |       ||   217
       Battleaxe         |       |       |       |   300 |   339 ||   639
       Lajatang          |       |       |       |       |   135 ||   135
       Headbutt          |       |       |       |       |    57 ||    57
Throw: Throwing net      |       |     2 |       |       |       ||     2
       Dart              |       |       |     4 |     2 |     3 ||     9
Invok: Berserk           |     1 |     3 |     5 |     6 |     4 ||    19
       Trog's Hand       |       |     4 |     8 |     5 |     9 ||    26
       Brothers in Arms  |       |       |       |     2 |     5 ||     7
Evoke: Wand              |       |       |       |       |     1 ||     1
  Use: Scroll            |     2 |       |    13 |     4 |    13 ||    32
       Potion            |       |       |       |     5 |    12 ||    17
 Stab: Sleeping          |     1 |     1 |       |       |       ||     2
       Distracted        |       |       |       |     1 |       ||     1
       Petrified         |       |       |       |       |     8 ||     8
Armor: Animal skin       |    46 |    37 |       |       |       ||    83
       Chain mail        |       |   167 |   369 |   338 |    73 ||   947
       Plate armour      |       |       |       |       |   570 ||   570
Dodge: Dodged            |    98 |   218 |   290 |   291 |   500 ||  1397
Block: Other             |       |    59 |   140 |   109 |   204 ||   512
       Reflection        |       |     1 |       |     1 |     2 ||     4

Table legend: (Time is in decaauts)
 A = Elapsed time spent in this place.
 B = Non-inter-level travel time spent in this place.
 C = Inter-level travel time spent in this place.
 D = Time resting spent in this place.
 E = Time spent auto-exploring this place.
 F = Levels seen in this place.
 G = Mean time per level.
                   A        B        C        D        E       F      G
               +--------+--------+--------+--------+--------+-----+--------+
         Total |  21227 |  20310 |    917 |    815 |  15357 |  19 | 1117.2 |
       Dungeon |  14603 |  13908 |    695 |    724 |  10241 |  13 | 1123.3 |
          Lair |   6540 |   6319 |    221 |     91 |   5079 |   5 | 1308.0 |
         Abyss |     84 |     84 |      0 |      0 |     37 |   1 |   84.0 |
               +--------+--------+--------+--------+--------+-----+--------+

Top non-repeatable levels by time:
     D:1: 1751 daAuts
  Lair:5: 1638 daAuts
     D:3: 1612 daAuts
     D:9: 1531 daAuts
    D:12: 1530 daAuts
  Lair:3: 1347 daAuts
    D:10: 1304 daAuts
  Lair:2: 1290 daAuts
     D:7: 1188 daAuts
  Lair:4: 1156 daAuts
     D:8: 1132 daAuts
  Lair:1: 1106 daAuts
     D:4: 1074 daAuts
     D:5: 1040 daAuts
     D:6: 978 daAuts
